 Dungeon Crawl Stone Soup version 0.31-a0-188-g5e087ee2ca (webtiles) character file.

Game seed: 10370177448778726072

200 qw the Skirmisher (level 5, -4/29 HPs)
             Began as a Deep Elf Hunter on June 22, 2023.
             Slain by an iguana (9 damage)
             ... on level 4 of the Dungeon.
             The game lasted 00:00:53 (2223 turns).

qw the Skirmisher (Deep Elf Hunter)                 Turns: 2223, Time: 00:00:54

Health: -4/29      AC:  8    Str: 16    XL:     5   Next: 48%
Magic:  7/7        EV: 12    Int: 14    God:
Gold:   174        SH:  0    Dex: 18    Spells: 4/4 levels left

rFire   . . .        Y - +0 shortbow (chaos)
rCold   + . .        (shield currently unavailable)
rNeg    . . .        f - +0 ring mail
rPois   .            (no helmet)
rElec   .            (no cloak)
rCorr   .            (no gloves)
SInv    .            k - +2 pair of boots
Will    .....        (no amulet)
Stlth   +            a - ring of protection from cold
HPRegen 0.24/turn    h - +6 ring of strength
MPRegen 0.10/turn

%: no passive effects
@: no status effects
A: no striking features
a: no special abilities


You were on level 4 of the Dungeon.
You visited 1 branch of the dungeon, and saw 4 of its levels.

You collected 174 gold pieces.


   Skills:
 - Level 1.5 Fighting
 + Level 8.7 Ranged Weapons
 - Level 3.1 Dodging
 - Level 1.2 Stealth


You had 4 spell levels left.
You didn't know any spells.
Your spell library was empty.

Inventory:

Hand Weapons
 Y - a +0 shortbow of chaos (weapon)
Armour
 f - a +0 ring mail (worn)
 k - a +2 pair of boots (worn)
Jewellery
 a - a ring of protection from cold (left hand)
 h - a +6 ring of strength (right hand)
Scrolls
 j - a scroll of identify
Potions
 e - a potion of lignification {unknown}
 g - a potion of curing

Dungeon Overview and Level Annotations

Branches:
Dungeon (4/15)
 Temple: D:4-7

Altars:
Dithmenos
Elyvilon
Gozag
Kikubaaqudgha
Sif Muna


Message History

Found a shimmering blue altar of Sif Muna.
Things that are here:
a hobgoblin corpse; a dart slug corpse
Found a throwing net.
There is an escape hatch in the ceiling here.
You see here a throwing net.
You open the door.
There is an open door here.
There is an open door here.
Found a scroll of fog.
An iguana comes into view.
You shoot an arrow. The arrow hits the iguana.
The iguana is poisoned.
The iguana hisses angrily.
The iguana is lightly wounded.
An iguana comes into view.
You shoot an arrow. The arrow hits the iguana.
The iguana is lightly wounded.
You shoot an arrow. The arrow hits the iguana.
The iguana seems to slow down.
The arrow freezes the iguana.
The iguana is moderately wounded.
You shoot an arrow.
The arrow hits the iguana but does no damage.
The iguana is moderately wounded.
You shoot an arrow. The arrow hits the iguana.
The arrow burns the iguana.
The iguana is almost dead.
The iguana is no longer moving slowly.
The iguana bites you! x2
You shoot an arrow. The arrow hits the iguana!
You kill the iguana!
The iguana bites you.
You shoot an arrow. The arrow closely misses the iguana.
The iguana bites you but does no damage.
You shoot an arrow. The arrow hits the iguana.
The iguana is heavily wounded.
The iguana bites you but does no damage.
You shoot an arrow.
The arrow hits the iguana but does no damage.
The iguana seems to speed up.
The iguana is heavily wounded.
The iguana bites you!
You die...

#.# ##..# #.#
#..# #.# #..##
#.# ###.# . #.#
### ..#
###.########
....#.....?.....
#.....#####...
###..@# #..l%.#
##.......
#..#.##..#
.....# .#
#######


You could see an iguana (fast).

Vanquished Creatures
  Jessica (D:3)
  An iguana (D:4)
  7 adders
  6 worms
  2 dart slugs
  4 orcs (D:3)
  4 ball pythons
  4 bats
  3 endoplasms (D:2)
  2 giant cockroaches (D:3)
  4 goblins
  6 hobgoblins
  4 jackals (D:1)
  5 kobolds
  3 quokkas
  2 frilled lizards (D:2)
  5 rats
63 creatures vanquished.

Notes
Turn   | Place    | Note
-------+----------+-------------------------------------------
     0 | D:1      | qw the Deep Elf Hunter began the quest for the Orb.
     0 | D:1      | Reached XP level 1. HP: 12/12 MP: 3/3
     0 | D:1      | 0 ||| qw: Version: 0.3-a-9-g12657ce
     0 | D:1      | 0 ||| qw: Game counter: 2859
     0 | D:1      | 0 ||| qw: Always use a shield: true
     0 | D:1      | 0 ||| qw: God list: Okawaru
     0 | D:1      | 0 ||| qw: Allow faded altars: false
     0 | D:1      | 0 ||| qw: Do Orc after D:15 true
     0 | D:1      | 0 ||| qw: Do second Lair branch before Depths: true
     0 | D:1      | 0 ||| qw: Lair rune preference: random
     0 | D:1      | 0 ||| qw: Plans: Normal
     0 | D:1      | 0 ||| PLANNING D:1-11
   261 | D:1      | Reached XP level 2. HP: 16/16 MP: 4/4
   263 | D:1      | Reached skill level 6 in Ranged Weapons
   659 | D:1      | 659 ||| READING scroll labelled KACUQIR XUZOY.
   660 | D:1      | 660 ||| READING scroll labelled WERUUM BAGEKIH.
   661 | D:1      | 661 ||| READING 2 scrolls labelled YSYPETOTIN.
   662 | D:1      | 662 ||| DROPPING scroll of butterflies.
   663 | D:1      | 663 ||| DROPPING scroll of amnesia.
   731 | D:2      | Reached XP level 3. HP: 20/20 MP: 5/5
   850 | D:2      | Reached skill level 7 in Ranged Weapons
   938 | D:2      | Found a white marble altar of Elyvilon.
   959 | D:2      | Reached XP level 4. HP: 17/25 MP: 6/6
  1296 | D:2      | 1296 ||| UPGRADING to +2 pair of boots.
  1301 | D:2      | 1301 ||| UPGRADING to ring of protection from cold.
  1302 | D:2      | 1302 ||| UPGRADING to +6 ring of strength.
  1303 | D:2      | 1303 ||| READING scroll labelled YWKORI LITEUL.
  1304 | D:2      | 1304 ||| READING scroll labelled PEUGOT XIGOTY.
  1308 | D:2      | 1308 ||| READING scroll labelled MOBRIPR FYKADD.
  1309 | D:2      | 1309 ||| READING 2 scrolls labelled HOASASM XEGAW.
  1310 | D:2      | 1310 ||| READING scroll labelled LISCHUO HIKHUDD.
  1311 | D:2      | 1311 ||| READING scroll labelled JUUPPO OTEEMUB.
  1312 | D:2      | 1312 ||| DRINKING 2 sedimented puce potions.
  1313 | D:2      | 1313 ||| DROPPING scroll of fog.
  1323 | D:3      | Reached skill level 8 in Ranged Weapons
  1324 | D:3      | Found a shadowy altar of Dithmenos.
  1517 | D:3      | Reached skill level 3 in Dodging
  1657 | D:3      | Found a white marble altar of Elyvilon.
  1661 | D:3      | Found an ancient bone altar of Kikubaaqudgha.
  1809 | D:3      | Found a faded altar of an unknown god.
  1813 | D:3      | Found an opulent altar of Gozag.
  1977 | D:3      | Noticed Jessica
  1991 | D:3      | Killed Jessica
  1992 | D:3      | Reached XP level 5. HP: 20/29 MP: 7/7
  2122 | D:3      | 2122 ||| UPGRADING to +0 ring mail.
  2132 | D:3      | 2132 ||| DROPPING +0 leather armour.
  2133 | D:3      | 2133 ||| READING 3 scrolls of identify.
  2133 | D:3      | 2133 ||| IDENTIFYING sedimented dark potion
  2134 | D:3      | 2134 ||| READING 2 scrolls of identify.
  2134 | D:3      | 2134 ||| IDENTIFYING clear potion
  2135 | D:3      | 2135 ||| DROPPING potion of invisibility.
  2136 | D:3      | 2136 ||| DROPPING potion of brilliance.
  2167 | D:4      | Found a shimmering blue altar of Sif Muna.
  2219 | D:4      | HP: 7/29 [iguana (11)]
  2223 | D:4      | Slain by an iguana

Levels and vault maps discovered:
D:1:      noname_arrival_rooms_in_the_neighbourhood, layout_loops_ring,
          chequers_garden
D:2:      layout_loops_cross, basic_altar
D:3:      layout_basic, mainiacjoe_overflow_catwalk_spiral,
          nicolae_overflow_ecumenical_swirl,
          nicolae_dithmenos_through_a_glass_darkly, uniq_jessica
D:4:      cheibrodos_old_hovel, layout_basic, nicolae_overflow_hidden_temple,
          kennysheep_mini, st_stairs_9, kennysheep_another_room

Skill      XL: |  1  2  3  4 |
---------------+-------------+-----
Ranged Weapons | 6 7 8 |  8.7
Dodging        | 3 |  3.1
Fighting       | |  1.5
Stealth        | |  1.2

Action                     |  1- 3 |  4- 6 || total
---------------------------+-------+-------++-------
   Fire: Shortbow          |    99 |    92 ||   191
    Use: Scroll            |     3 |     8 ||    11
         Potion            |       |     1 ||     1
 Armour: Leather armour    |     7 |       ||     7
         Ring mail         |       |     2 ||     2
  Dodge: Dodged            |    16 |     7 ||    23

Table legend:
 A = Non-vault XP
 B = Vault XP
 C = Vault XP percentage of total XP
 D = Non-vault monster count
 E = Vault monster count
 F = Vault count percentage of total count
                 A         B        C        D         E       F
            +---------+---------+-------+---------+---------+-------
      Total |     249 |      37 |  12.9 |      62 |       1 |   1.6
            +---------+---------+-------+---------+---------+-------
        D:1 |      27 |       0 |   0.0 |      14 |       0 |   0.0
        D:2 |     122 |       0 |   0.0 |      28 |       0 |   0.0
        D:3 |      58 |      37 |  38.9 |      17 |       1 |   5.6
        D:4 |      42 |       0 |   0.0 |       3 |       0 |   0.0
            +---------+---------+-------+---------+---------+-------
